 Dungeon Crawl Stone Soup version 0.30-a0-1043-g60ff8d5f49 (webtiles) character file.

Game seed: 14276717975362823134

1701 NateTC the Ruffian (level 8, -10/80 HPs)
             Began as a Troll Berserker on Apr 9, 2023.
             Was an Elder of Trog.
             Mangled by a two-headed ogre
             ... wielding a +0 giant club
              (23 damage)
             ... on level 6 of the Dungeon.
             The game lasted 00:07:06 (4199 turns).

NateTC the Ruffian (Troll Berserker)                Turns: 4199, Time: 00:07:06

Health: -10/80     AC:  4    Str: 28    XL:     8   Next: 73%
Magic:  7/7        EV: 16    Int:  3    God:    Trog [****..]
Gold:   313        SH:  0    Dex:  9    Spells: 7/7 levels left

rFire   + . .      SeeInvis +      - Unarmed
rCold   . . .      Faith    .    (no shield)
rNeg    + . .      Spirit   .    n - +0 robe "Itutod" {rN+}
rPois   +          Reflect  .    (helmet restricted)
rElec   .          Rampage  .    (no cloak)
rCorr   .                        (gloves unavailable)
Will    +....                    (boots unavailable)
Stlth   +                        (no amulet)
HPRegen 1.13/turn                p - +5 ring of evasion
MPRegen 0.10/turn                s - ring of Divine Compulsion {rPois rF+ Will+ SInv}

@: no status effects
A: large, unfitting armour, claws 3, regeneration 1, shaggy fur 1, tough skin 1
a: Renounce Religion, Berserk, Trog's Hand, Brothers in Arms


You were on level 6 of the Dungeon.
You worshipped Trog.
Trog was greatly pleased with you.
You visited 1 branch of the dungeon, and saw 6 of its levels.

You collected 313 gold pieces.

Inventory:

Missiles
 u - 2 throwing nets (quivered)
Armour
 n - the +0 robe "Itutod" (worn) {rN+}
   (You found it on level 3 of the Dungeon)

   rN:        It protects you from negative energy.
Jewellery
 a - a ring of ice
 p - a +5 ring of evasion (left claw)
 s - the ring of Divine Compulsion (right claw) {rPois rF+ Will+ SInv}
   (You found it on level 4 of the Dungeon)

   [ring of protection from fire]

   rF:        It protects you from fire.
   rPois:     It protects you from poison.
   SInv:      It lets you see invisible.
   Will:      It increases your willpower.
Wands
 o - a wand of mindburst (11)
 w - a wand of flame (30)
Scrolls
 b - a scroll of enchant weapon
 d - a scroll of torment
 h - a scroll of identify
 j - 6 scrolls of teleportation
 q - 2 scrolls of magic mapping
 v - a scroll of enchant armour
Potions
 c - 3 potions of might
 e - 3 potions of attraction
 f - a potion of heal wounds
 g - 3 potions of brilliance
 i - 5 potions of curing
 k - a potion of berserk rage {unknown}
 l - 4 potions of lignification {unknown}
 m - 2 potions of degeneration {unknown}
 r - 2 potions of mutation {unknown}
 t - a potion of flight {unknown}


   Skills:
 * Level 5.1 Fighting
 - Level 1.4 Armour
 * Level 5.8 Dodging
 - Level 7.7 Unarmed Combat


You had 7 spell levels left.
You didn't know any spells.
Your spell library was empty.

Dungeon Overview and Level Annotations

Branches:
Dungeon (6/15) Zot: 26667
 Temple: D:4-7

Altars:
Cheibriados
Yredelemnul
The Shining One


Innate Abilities, Weirdness & Mutations

You are too large for most types of armour.
You have claws for hands.
Your natural rate of healing is unusually fast.
You are covered in fur. (AC +1)
You have tough skin. (AC +1)


Message History

There is an open door here.
Found 12 gold pieces.
The hound bites you. The hound barely misses you.
You barely miss the hound. Your claw misses the hound. The hound bites you.
You scratch the hound but do no damage. The hound closely misses you.
You closely miss the hound. The hound barely misses you. The hound bites you.
You claw the two-headed ogre!
The two-headed ogre is moderately wounded.
The two-headed ogre hits you with a +0 giant club!!
The two-headed ogre hits you with a +0 giant club!
The hound closely misses you.
You are too injured to fight recklessly!
The hound attacks as you move away! The hound completely misses you.
There is an open door here.
The hound bites you.
* * * LOW HITPOINT WARNING * * *
The hound attacks as you move away! The hound bites you but does no damage.
There is an open door here.
You close the door.
A two-headed ogre opens the door.
The hound pauses to sniff the ground.
There is a stone staircase leading up here.
The hound barely misses you.
You completely miss the hound. The hound bites you.
You closely miss the hound. The hound bites you.
You scratch the two-headed ogre.
The two-headed ogre is moderately wounded.
You claw the two-headed ogre! x2
The two-headed ogre is severely wounded.
The two-headed ogre hits you with a +0 giant club.
The two-headed ogre hits you with a +0 giant club!
You barely miss the two-headed ogre.
The two-headed ogre is severely wounded.
The hound barely misses you.
You closely miss the two-headed ogre.
The two-headed ogre is severely wounded.
The hound barely misses you.
The two-headed ogre hits you with a +0 giant club!!
* * * LOW HITPOINT WARNING * * *
The two-headed ogre hits you with a +0 giant club!!
You die...

####.....###
####..........##
#...............
##...............
#................
##................
#.................
#hO#..............
##@##..............
#..###.h...........
#..# ##O.......^...
##.## ##...........
#..# #...........
##..# ##.........#
###..## ##......###
## ####....#
##...###
..####.......#
#..##


You could see a two-headed ogre and a hound.

Vanquished Creatures
  Grinder (D:3)
  Pargi (D:3)
  An ice beast (D:5)
  4 ogres
  A centaur (D:5)
  A scorpion (D:5)
  A howler monkey (D:6)
  3 jellies (D:4)
  A gnoll bouda (D:4)
  3 hounds
  2 orc priests (D:4)
  3 iguanas (D:5)
  4 sleepcaps
  4 orc wizards
  9 gnolls
  6 adders
  A white imp (D:4)
  2 ufetubi (D:5)
  3 dart slugs
  20 orcs
  14 endoplasms
  2 giant cockroaches
  8 goblins
  8 hobgoblins
  4 jackals (D:2)
  9 kobolds
  4 quokkas
  6 ball pythons
  5 bats
  5 frilled lizards
  3 rats
139 creatures vanquished.

Vanquished Creatures (others)
  3 fungi (D:4)
  7 toadstools (D:4)
10 creatures vanquished.

Grand Total: 149 creatures vanquished

Notes
Turn   | Place    | Note
-------+----------+-------------------------------------------
     0 | D:1      | NateTC the Troll Berserker began the quest for the Orb.
     0 | D:1      | Reached XP level 1. HP: 22/22 MP: 0/0
   130 | D:1      | Reached XP level 2. HP: 29/29 MP: 1/1
   882 | D:2      | Reached XP level 3. HP: 36/36 MP: 2/2
  1271 | D:2      | Reached ** piety under Trog
  1563 | D:3      | Reached XP level 4. HP: 45/45 MP: 3/3
  1598 | D:3      | Reached skill level 4 in Unarmed Combat
  1612 | D:3      | Identified the +0 robe "Itutod" {rN+}
  1892 | D:3      | Reached XP level 5. HP: 44/53 MP: 4/4
  1961 | D:3      | Found a basalt altar of Yredelemnul.
  2114 | D:3      | Found a glowing golden altar of the Shining One.
  2183 | D:3      | Noticed Pargi
  2191 | D:3      | Killed Pargi
  2238 | D:3      | Noticed Grinder
  2242 | D:3      | Killed Grinder
  2243 | D:3      | Reached skill level 5 in Unarmed Combat
  2243 | D:3      | Reached XP level 6. HP: 56/63 MP: 5/5
  2353 | D:3      | Noticed an angel
  2517 | D:4      | Reached *** piety under Trog
  2518 | D:4      | Reached XP level 7. HP: 58/71 MP: 6/6
  2541 | D:4      | Identified the ring of Divine Compulsion {rPois rF+ Will+
                  | SInv}
  2643 | D:4      | Reached skill level 1 in Armour
  2912 | D:4      | Reached skill level 6 in Unarmed Combat
  3196 | D:4      | Reached **** piety under Trog
  3289 | D:5      | Entered Level 5 of the Dungeon
  3297 | D:5      | Reached XP level 8. HP: 79/79 MP: 7/7
  3408 | D:5      | Reached skill level 7 in Unarmed Combat
  3450 | D:5      | Found a snail-covered altar of Cheibriados.
  3504 | D:5      | Reached skill level 5 in Dodging
  4053 | D:6      | Reached skill level 5 in Fighting
  4164 | D:6      | Noticed a two-headed ogre
  4199 | D:6      | Mangled by a two-headed ogre

Illustrated notes

Levels and vault maps discovered:
D:1:      matt_arrival_diagonals, layout_basic
D:2:      layout_loops_cross, roderic_roman_lattice, grunt_ministairs_14
D:3:      layout_basic, grunt_temple_overflow_holy_war, grunt_decor_resistance,
          kennysheep_cross_bottleneck, chequers_mini_garden, uniq_grinder,
          uniq_pargi
D:4:      cheibrodos_fertilizer, layout_basic
D:5:      layout_cave_pools, mainiacjoe_overflow_tiny_flanked
D:6:      minmay_chambers_of_sixes, layout_cave_pods, minmay_temple_entry_fiery

Skill      XL: |  1  2  3  4  5  6  7  8 |
---------------+-------------------------+-----
Fighting       | 3 4 5 |  5.1
Unarmed Combat | 4 5 6 7 |  7.7
Dodging        | 3 4 5 |  5.8
Armour         | 1 |  1.4

Action                     |  1- 3 |  4- 6 |  7- 9 || total
---------------------------+-------+-------+-------++-------
  Melee: Unarmed           |    99 |    78 |   163 ||   340
         Punch             |     1 |     3 |     5 ||     9
    Use: Scroll            |     8 |     2 |     4 ||    14
 Armour: Animal skin       |    34 |     2 |       ||    36
         Robe              |       |    18 |    23 ||    41
  Dodge: Dodged            |    50 |    52 |   124 ||   226

Table legend: (Time is in decaauts)
 A = Elapsed time spent in this place.
 B = Non-inter-level travel time spent in this place.
 C = Inter-level travel time spent in this place.
 D = Time resting spent in this place.
 E = Time spent auto-exploring this place.
 F = Levels seen in this place.
 G = Mean time per level.
                   A        B        C        D        E       F      G
               +--------+--------+--------+--------+--------+-----+--------+
         Total |   4161 |   3979 |    182 |     31 |   3212 |   6 |  693.5 |
       Dungeon |   4161 |   3979 |    182 |     31 |   3212 |   6 |  693.5 |
               +--------+--------+--------+--------+--------+-----+--------+

Top non-repeatable levels by time:
     D:3: 997 daAuts
     D:4: 817 daAuts
     D:1: 812 daAuts
     D:2: 635 daAuts
     D:5: 566 daAuts
     D:6: 331 daAuts
